 Dungeon Crawl Stone Soup version 0.31-a0-521-gc7390f8997 (webtiles) character file.

Game seed: 3685994923027488198

138 IdlyInterested the Changeling (level 5, -1/58 HPs)
             Began as a Demonspawn Shapeshifter on Aug 10, 2023.
             Slain by a gnoll
             ... wielding a +0 spear
              (3 damage)
             ... on level 4 of the Dungeon.
             The game lasted 00:09:01 (2941 turns).

IdlyInterested the Changeling (DsSh)                Turns: 2941, Time: 00:09:02

Health: -1/58      AC: 22    Str: 12 (15) XL:     5   Next: 1%
Magic:  5/5        EV:  2    Int:  8 (10) God:
Gold:   158        SH:  0    Dex: 15 (17) Spells: 4/4 levels left

rFire   . .          .
                       - Unarmed
rCold   . . .        (no shield)
rNeg    . . .        l - melded +0 chain mail
rPois   +            q - melded +0 helmet
rElec   .            (cloak currently unavailable)
rCorr   .            p - melded +1 pair of gloves
SInv    .            (boots currently unavailable)
Will    .....        (no amulet)
Stlth   ++           (no ring)
HPRegen 0.29/turn    (no ring)
MPRegen 0.18/turn

%: no passive effects
@: tree-form
A: stationary, stasis, torment immunity, boosted hp, (hooves 1), thin skeletal
structure 1, magic regeneration
a: no special abilities


You were on level 4 of the Dungeon.
You were a tree.
You visited 1 branch of the dungeon, and saw 4 of its levels.

You collected 158 gold pieces.

Inventory:

Hand Weapons
 h - a +0 dagger
 n - the +4 sling "Juffyd" {drain, rF+ Int-4 Dex+8}
   (You found it on level 2 of the Dungeon)

   Int-4:     It affects your intelligence (-4).
   Dex+8:     It affects your dexterity (+8).
   rF+:       It protects you from fire.
 o - a +0 rapier
Missiles
 e - 34 stones (quivered)
 t - 2 poisoned darts
Armour
 i - a +0 robe
 l - a +0 chain mail (melded)
 p - a +1 pair of gloves (melded)
 q - a +0 helmet (melded)
Jewellery
 g - a ring of wizardry
Talismans
 c - a beast talisman
 d - a flux talisman
Wands
 r - a wand of flame (20)
Scrolls
 a - 2 scrolls of blinking {unknown}
 f - a scroll of immolation {unknown}
 k - a scroll of enchant weapon {unknown}
 m - 2 scrolls of teleportation
 s - a scroll of amnesia {unknown}
Potions
 b - 4 potions of lignification


   Skills:
 + Level 2.7 Fighting
 - Level 2.0 Dodging
 - Level 3.0 Unarmed Combat
 * Level 3.9 Shapeshifting


You had 4 spell levels left.
You didn't know any spells.
Your spell library contained the following spells:

 Spells                   Type           Power      Damage    Failure   Level
 Frozen Ramparts          Ice            0%         1d1       78%         3
 Inner Flame              Hex/Fire       0%         N/A       78%         3
 Ozocubu's Armour         Ice            0%         N/A       78%         3
 Vhi's Electric Charge    Tloc/Air       0%         N/A       78%         3
 Petrify                  Tmut/Erth      0%         N/A       99%         4
 Arcjolt                  Conj/Air       0%         1d10      100%        5
 Metabolic Englaciation   Hex/Ice        0%         N/A       100%        5
 Yara's Violent Unravell  Hex/Tmut       0%         3d3       100%        5
 Plasma Beam              Fire/Air       0%         2x1d10    100%        6
 Simulacrum               Ice/Necr       0%         N/A       100%        6
 Enfeeble                 Hex            0%         N/A       100%        7
 Ozocubu's Refrigeration  Ice            0%         4d7       100%        7


Dungeon Overview and Level Annotations

Branches:
Dungeon (4/15)
 Temple: D:4-7

Altars:
Uskayaw
Vehumet


Innate Abilities, Weirdness & Mutations

You are a tree.
Your roots penetrate the ground, keeping you stationary.
You cannot be teleported.
You are immune to unholy pain and torment.
Your maximum health is greatly increased.
Your equipment is partially melded.
((You have large cloven feet.))
You have a somewhat thin skeletal structure. (Dex +2, Stealth+)
You regenerate magic rapidly.


Message History

The gnoll hits you but does no damage.
You hit the adder.
You kill the adder!
You feel sick. The gnoll hits you but does no damage.
You have reached level 5!
Your demonic ancestry asserts itself...
Your magic begins to regenerate rapidly.
You closely miss something. Your kick misses something.
You feel sick. The gnoll barely misses you.
Something hits you but does no damage.
You barely miss something. Your kick misses something.
You feel sick.
The gnoll hits you from afar with a +0 spear.
Something hits you but does no damage.
You hit something.
You feel sick. The gnoll hits you but does no damage.
You hear some strange, mumbled words.
A magic dart appears from out of thin air!
The magic dart hits you.
You closely miss something. You kick something. You hit something.
Your kick misses something.
You feel sick. Something hits you but does no damage.
The gnoll hits you from afar with a +0 spear.
* * * LOW HITPOINT WARNING * * *
The quokka twitches its whiskers.
It was a potion of degeneration.
There was something very wrong with that liquid.
You feel weakened.
You feel dopey.
You feel clumsy.
You feel sick.
You are no longer poisoned.
Something hits you.
* * * LOW HITPOINT WARNING * * *
The gnoll hits you from afar with a +0 spear.
* * * LOW HITPOINT WARNING * * *
Your transformation has ended.
Your +0 helmet unmelds from your body.
Your +1 pair of gloves unmelds from your body.
You turn into a tree.
Your +0 helmet melds into your body.
Your +1 pair of gloves melds into your body.
Your +0 chain mail melds into your body.
Your roots penetrate the ground.
Something hits you but does no damage.
The gnoll hits you from afar with a +0 spear.
You die...

### ...#
####...#..
#####g.......#
#..♣{r.###...
......###g#.......
..........#.{..#..
#......)..o..#...#
..##.....g.... ###
#........[..... #
..........##.#
...#....o##.. ..
#....g...#


You could see 2 gnolls and a quokka.

Vanquished Creatures
  Jessica (D:2)
  5 adders
  A gnoll (D:1)
  An ufetubus (D:4)
  2 dart slugs
  5 ball pythons
  An endoplasm (D:2)
  A giant cockroach (D:3)
  2 hobgoblins
  5 jackals
  2 quokkas
  2 bats
  6 frilled lizards
  5 goblins
  8 kobolds
  8 rats
55 creatures vanquished.

Notes
Turn   | Place    | Note
-------+----------+-------------------------------------------
     0 | D:1      | IdlyInterested the Demonspawn Shapeshifter began the quest
                  | for the Orb.
     0 | D:1      | Reached XP level 1. HP: 15/15 MP: 1/1
    55 | D:1      | Gained mutation: You have a somewhat thin skeletal
                  | structure. (Dex +2, Stealth+) [demonic ancestry]
    55 | D:1      | Reached XP level 2. HP: 9/21 MP: 2/2
   709 | D:1      | Reached XP level 3. HP: 26/26 MP: 3/3
  1017 | D:2      | Noticed Jessica
  1024 | D:2      | Killed Jessica
  1154 | D:2      | Gained mutation: You have large cloven feet. [demonic
                  | ancestry]
  1154 | D:2      | Reached XP level 4. HP: 33/33 MP: 4/4
  1308 | D:2      | Found a hide-covered altar of Uskayaw.
  1433 | D:2      | Identified the +4 sling "Juffyd" {drain, rF+ Int-4 Dex+8}
  2591 | D:3      | Found a radiant altar of Vehumet.
  2935 | D:4      | Gained mutation: You regenerate magic rapidly. [demonic
                  | ancestry]
  2935 | D:4      | Reached XP level 5. HP: 24/39 MP: 5/5
  2940 | D:4      | HP: 1/39 [gnoll/+0 spear (5)]
  2941 | D:4      | Slain by a gnoll

Illustrated notes

Levels and vault maps discovered:
D:1:      tarquinn_simple_flora_water_f, layout_basic, corner_web_ring,
          minmay_rat_gold_closets
D:2:      layout_basic, basic_altar, uniq_jessica
D:3:      layout_loops_corners, vehumet_altar_wand_db
D:4:      layout_rooms, mainiacjoe_overflow_six_doors_small,
          mainiacjoe_overflow_paths, zin_scriptorium, cheibriados_altar_1,
          uniq_robin, uniq_duvessa

Skill      XL: |  1  2  3 |
---------------+----------+-----
Unarmed Combat | 3 |  3.0
Shapeshifting  | 3 |  3.9
Dodging        | 2 |  2.0
Fighting       | 2 |  2.7

Action                     |  1- 3 |  4- 6 || total
---------------------------+-------+-------++-------
  Melee: Unarmed           |    75 |    64 ||   139
         Punch             |     1 |     1 ||     2
         Kick              |       |    14 ||    14
         Dagger            |       |     1 ||     1
  Throw: Stone             |     4 |       ||     4
    Use: Potion            |     1 |     2 ||     3
         Scroll            |       |     1 ||     1
   Stab: Sleeping          |     8 |       ||     8
 Armour: Skin              |     2 |     1 ||     3
         Animal skin       |     3 |       ||     3
         Chain mail        |     6 |    43 ||    49
  Dodge: Dodged            |    30 |    17 ||    47
         Form:             |       |     2 ||     2
         Beast             |       |     2 ||     2

Table legend: (Time is in decaauts)
 A = Elapsed time spent in this place.
 B = Non-inter-level travel time spent in this place.
 C = Inter-level travel time spent in this place.
 D = Time resting spent in this place.
 E = Time spent auto-exploring this place.
 F = Levels seen in this place.
 G = Mean time per level.
                   A        B        C        D        E       F      G
               +--------+--------+--------+--------+--------+-----+--------+
         Total |   2938 |   2509 |    429 |    136 |   1737 |   4 |  734.5 |
       Dungeon |   2938 |   2509 |    429 |    136 |   1737 |   4 |  734.5 |
               +--------+--------+--------+--------+--------+-----+--------+

Top non-repeatable levels by time:
     D:1: 1073 daAuts
     D:3: 956 daAuts
     D:2: 888 daAuts
     D:4: 19 daAuts
